 Dungeon Crawl Stone Soup version 0.31-a0-1074-g0b22e4e0f1 (webtiles) character file.

Game seed: 4959117383324900370

242 timneilson the Ruffian (level 6, 0/41 HPs)
             Began as an Octopode Shapeshifter on Dec 2, 2023.
             Slain by an orc wizard
             ... wielding a +0 dagger
              (1 damage)
             ... on level 3 of the Dungeon.
             The game lasted 00:03:25 (2087 turns).

timneilson the Ruffian (Octopode Shapeshifter)      Turns: 2087, Time: 00:03:26

Health: 0/41       AC:  1    Str: 15    XL:     6   Next: 9%
Magic:  6/6        EV: 13    Int: 13    God:
Gold:   98         SH:  0    Dex: 11    Spells: 5/5 levels left

rFire   . .          .
                       - Unarmed
rCold   . . .        (no shield)
rNeg    . . .        (helmet currently unavailable)
rPois   .            (no amulet)
rElec   .            j - ring of resist corrosion
rCorr   +            (no ring)
SInv    .            (no ring)
Will    .....        (no ring)
Stlth   +++          (no ring)
HPRegen 0.26/turn    (no ring)
MPRegen 0.10/turn    (no ring)
                     (no ring)

%: no passive effects
@: beast-form, hasted, very quick
A: beast (slay +2), almost no armour, amphibious, 8 rings, camouflage 1,
gelatinous body 1, (nimble swimmer 1), tentacles
a: Begin Untransformation


You were on level 3 of the Dungeon.
You were a hulking beast.
You visited 1 branch of the dungeon, and saw 3 of its levels.

You collected 98 gold pieces.

Inventory:

Jewellery
 j - a ring of resist corrosion (left tentacle)
Talismans
 b - a beast talisman
 c - a flux talisman
Scrolls
 g - 3 scrolls of teleportation
Potions
 a - a potion of lignification
 d - 2 potions of attraction
 e - a potion of haste
 f - a potion of heal wounds {unknown}
 h - 4 potions of berserk rage
 i - a potion of mutation
 k - a potion of resistance {unknown}
 l - a potion of magic {unknown}


   Skills:
 * Level 2.8 Fighting
 * Level 3.4 Dodging
 + Level 2.3 Stealth
 * Level 4.0 Unarmed Combat
 * Level 3.9 Shapeshifting


You had 5 spell levels left.
You didn't know any spells.
Your spell library contained the following spells:

 Spells                   Type           Power      Damage    Failure   Level
 Ensorcelled Hibernation  Hex/Ice        0%         N/A       43%         2
 Lesser Beckoning         Tloc           0%         N/A       43%         2
 Passwall                 Tmut/Erth      0%         N/A       43%         2
 Gell's Gravitas          Tloc           0%         N/A       67%         3
 Swiftness                Air            0%         N/A       67%         3
 Teleport Other           Tloc           0%         N/A       67%         3


Dungeon Overview and Level Annotations

Branches:
Dungeon (3/15)

Altars:

Shops:
D:2 *


Innate Abilities, Weirdness & Mutations

You are a hulking beast.
Your limbs bulge with bestial killing power. (Slay +2)
You cannot wear most types of armour.
You are amphibious.
You can wear up to eight rings at the same time.
Your skin changes colour to match your surroundings (Stealth+).
Your rubbery body absorbs attacks. (AC +1, EV +1)
((You are camouflaged when in or above water. (Stealth+)))
You have tentacles for arms and can constrict up to eight enemies at once.


Message History

You bludgeon the orc wizard!
You kill the orc wizard!
The orc closely misses you.
Your Unarmed Combat skill increases to level 4!
You have reached level 6!
You tentacle-slap the orc. Your grab misses the orc.
Your squeeze misses the orc.
The orc is heavily wounded.
The orc hits you with a +0 morningstar! Something hits you.
You closely miss the orc. Your grab misses the orc.
The orc is heavily wounded.
The orc wizard casts a spell.
The orc wizard flickers and vanishes!
Unknown command.
You tentacle-slap the orc.
You kill the orc!
You hear some strange, mumbled words.
A puff of flame appears from out of thin air!
The puff of flame misses you.
Unknown command.
You closely miss something. Something hits you.
The orc wizard gestures at you while chanting.
The magic dart hits you!
* * * LOW HITPOINT WARNING * * *
Unknown command.
You tentacle-slap something but do no damage.
Something hits you.
* * * LOW HITPOINT WARNING * * *
Something hits you.
* * * LOW HITPOINT WARNING * * *
Unknown command.
It was a potion of haste.
You feel yourself speed up. Something hits you.
* * * LOW HITPOINT WARNING * * *
Something hits you but does no damage.
You barely miss something.
Unknown command.
You miss something. Something hits you.
* * * LOW HITPOINT WARNING * * *
Something hits you.
You die...

#.........### ... #.#
.........|..# ...##..
.###........# ...$.. #.#
#........# #....##.#
#.(......#
#......###........###
#........#...........
##...#..#.#...........
#...{h..#.............
#..####...###..........
#................
##.###..(.......#
#...#........#.#
#.#.#..........#
#..............#
############.............#
#.........#..#......)....#


There were no monsters in sight!

Vanquished Creatures
  Sigmund (D:3)
  An orc wizard (D:3)
  2 worms
  3 dart slugs
  3 orcs
  5 endoplasms
  A giant cockroach (D:2)
  6 goblins
  3 hobgoblins (D:1)
  A kobold (D:1)
  4 ball pythons
  7 bats
  2 frilled lizards
  3 rats
42 creatures vanquished.

Notes
Turn   | Place    | Note
-------+----------+-------------------------------------------
     0 | D:1      | timneilson the Octopode Shapeshifter began the quest for
                  | the Orb.
     0 | D:1      | Reached XP level 1. HP: 13/13 MP: 1/1
   163 | D:1      | Reached XP level 2. HP: 13/18 MP: 2/2
   892 | D:2      | Reached XP level 3. HP: 18/23 MP: 3/3
  1123 | D:2      | Found Nappin's General Store.
  1129 | D:2      | Reached skill level 1 in Stealth
  1838 | D:3      | Noticed Sigmund
  1995 | D:3      | Killed Sigmund
  1996 | D:3      | Reached XP level 4. HP: 20/30 MP: 4/4
  1996 | D:3      | Reached XP level 5. HP: 24/35 MP: 5/5
  2080 | D:3      | Reached skill level 4 in Unarmed Combat
  2080 | D:3      | Reached XP level 6. HP: 32/41 MP: 6/6
  2087 | D:3      | HP: 1/41 [something (4)]
  2087 | D:3      | Slain by an orc wizard

Illustrated notes

Levels and vault maps discovered:
D:1:      spicycebolla_arrival_ecumenical, layout_basic
D:2:      minmay_angry_zag, layout_loops_ring, serial_forest,
          infiniplex_forest_clump_cross, infiniplex_forest_straight_2,
          infiniplex_forest_corner_1, infiniplex_forest_end_2,
          infiniplex_forest_straight_4, infiniplex_forest_straight_2,
          infiniplex_forest_end_1, infiniplex_forest_clump_small, serial_shops,
          shop
D:3:      layout_rooms, uniq_sigmund

Skill      XL: |  1  2  3  4  5 |
---------------+----------------+-----
Stealth        | 2 |  2.3
Fighting       | 2 |  2.8
Dodging        | 3 |  3.4
Unarmed Combat | 4 |  4.0
Shapeshifting  | |  3.9

Action                     |  1- 3 |  4- 6 || total
---------------------------+-------+-------++-------
  Melee: Unarmed           |    88 |    10 ||    98
         Constrict         |    24 |     2 ||    26
         Tentacles         |    20 |     2 ||    22
         Punch             |     2 |       ||     2
    Use: Scroll            |     8 |       ||     8
         Potion            |       |     1 ||     1
   Stab: Sleeping          |     9 |       ||     9
         Distracted        |       |     1 ||     1
 Armour: Skin              |    22 |    11 ||    33
  Dodge: Dodged            |    47 |     2 ||    49

Table legend: (Time is in decaauts)
 A = Elapsed time spent in this place.
 B = Non-inter-level travel time spent in this place.
 C = Inter-level travel time spent in this place.
 D = Time resting spent in this place.
 E = Time spent auto-exploring this place.
 F = Levels seen in this place.
 G = Mean time per level.
                   A        B        C        D        E       F      G
               +--------+--------+--------+--------+--------+-----+--------+
         Total |   2079 |   1991 |     88 |    100 |   1460 |   3 |  693.0 |
       Dungeon |   2079 |   1991 |     88 |    100 |   1460 |   3 |  693.0 |
               +--------+--------+--------+--------+--------+-----+--------+

Top non-repeatable levels by time:
     D:1: 883 daAuts
     D:2: 875 daAuts
     D:3: 321 daAuts
